 Dungeon Crawl Stone Soup version 0.13.0-29-gdb529de (webtiles) character file.

41 BoredOne the Digger (level 1, 0/10 HPs)
             Began as a Gargoyle Earth Elementalist on Nov 9, 2013.
             Slain by a kobold (2 damage)
             ... on Level 1 of the Dungeon.
             The game lasted 00:02:08 (436 turns).

BoredOne the Digger (Gargoyle Earth Elementalist)    Turns: 436, Time: 00:02:09

HP   0/10        AC  4     Str 11      XL: 1   Next: 90%
MP   1/3         EV 12     Int 15      God:
Gold 35          SH  0     Dex 10      Spells:  1 memorised,  1 level left

Res.Fire  : . . .   See Invis. : .   (no weapon)
Res.Cold  : . . .   Warding    : .   c - +0 robe
Life Prot.: + . .   Conserve   : .   (no shield)
Res.Poison: +       Res.Corr.  : .   (no helmet)
Res.Elec. : +       Clarity    : .   (no cloak)
Sust.Abil.: . .     Spirit.Shd : .   (no gloves)
Res.Mut.  : .       Stasis     : .   (no boots)
Res.Rott. : +       Flight     : .   (no amulet)
Saprovore : . . .                    (no ring)
                                     (no ring)

@: very slightly contaminated, not resistant to hostile enchantments, fairly
stealthy
A: fangs 1, talons 2, life protection 1, electricity resistance, slow metabolism
1, unbreathing, petrification resistance, AC +2
a: no special abilities


You were on level 1 of the Dungeon.
You were not hungry.

You visited 1 branch of the dungeon, and saw 1 of its levels.

You collected 15 gold pieces.

Inventory:

Missiles
 b - 14 stones (quivered)
Armour
 c - a +0 robe (worn)
Comestibles
 a - a bread ration
 f - a chunk of giant cockroach flesh {@w1}
Scrolls
 e - a scroll of enchant weapon II {unknown}
 g - a scroll of remove curse {unknown}
 h - a scroll of random uselessness {unknown}
 i - a scroll of noise {unknown}
 j - a scroll of curse armour {unknown}
Books
 d - a book of Geomancy

   Spells                             Type                      Level
   *Sandblast                         Earth                        1
   Stoneskin                          Transmutation/Earth          2
   Passwall                           Transmutation/Earth          3
   Stone Arrow                        Conjuration/Earth            3
   Petrify                            Transmutation/Earth          4
   Lee's Rapid Deconstruction         Earth                        5


   Skills:
 + Level 1.0 Fighting
 - Level 1.5 Dodging
 - Level 2.1 Stealth
 - Level 1.0 Spellcasting
   Level 0.7 Transmutations
 + Level 3.9 Earth Magic


You had one spell level left.
You knew the following spells:

 Your Spells              Type           Power        Failure   Level  Hunger
a - Sandblast             Erth           ##....       6%          1    ##.....


Dungeon Overview and Level Annotations

Branches:
Dungeon (1/27)

Altars:


Innate Abilities, Weirdness & Mutations

You are resistant to torment.
You are immune to poison.
Your stone body is very resilient (AC +2).
You have very sharp teeth.
You have razor-sharp toenails.
You resist negative energy.
You are resistant to electric shocks.
You have a slow metabolism.
You can survive without breathing.
You are immune to petrification.


Message History

* * * LOW HITPOINT WARNING * * *
Casting: Sandblast
Confirm with . or Enter, or press ? or * to list all spells.
You don't have enough magic to cast that spell.
Unknown command.
Casting: Sandblast
Confirm with . or Enter, or press ? or * to list all spells.
You don't have enough magic to cast that spell.
Unknown command.
A hobgoblin comes into view. It is wielding an orcish club.
You start resting.
Casting: Sandblast
Confirm with . or Enter, or press ? or * to list all spells.
You don't have enough magic to cast that spell.
Wield which item (- for none, * to show all)? (? for menu, Esc to quit)
You are now empty-handed.
You hit the kobold but do no damage. Your kick misses the kobold.
The kobold misses you.
You closely miss the kobold. The kobold hits you.
You die...

#..# # #..# #. #..# ####
#.##..####.....
#............
####..#.....#.#
..........K...#
###...#K##..## #.....@(.##
.# #...####..#.# ###
#.###########...##
..####.........#...#..#..
........####...#.........)
#.###########.....#....#.#
#.####....#....#..#....# #
#.........#.....#####....
########.....#...# ...


You could see a kobold.

Vanquished Creatures
  3 giant cockroaches (D:1)
  A bat (D:1)
  A giant newt (D:1)
  A goblin (D:1)
6 creatures vanquished.

Notes
Turn   | Place    | Note
--------------------------------------------------------------
     0 | D:1      | BoredOne, the Gargoyle Earth Elementalist, began the quest for the Orb.
     0 | D:1      | Reached XP level 1. HP: 10/10 MP: 3/3
   426 | D:1      | Reached skill level 1 in Fighting
   427 | D:1      | HP: 2/10 [kobold/ dart (4)]
   436 | D:1      | Slain by a kobold

Action                   || total
-------------------------++-------
Melee: Unarmed           ||    35
Throw: Stone             ||     8
 Cast: Sandblast         ||    12
Dungeon Crawl Stone Soup version 0.13.0-29-gdb529de (webtiles) character file. 41 BoredOne the Digger (level 1, 0/10 HPs) Began as a Gargoyle Earth Elementalist on Nov 9, 2013. Slain by a kobold (2 damage) ... on Level 1 of the Dungeon. The game lasted 00:02:08 (436 turns). BoredOne the Digger (Gargoyle Earth Elementalist) Turns: 436, Time: 00:02:09 HP 0/10 AC 4 Str 11 XL: 1 Next: 90% MP 1/3 EV 12 Int 15 God: Gold 35 SH 0 Dex 10 Spells: 1 memorised, 1 level left Res.Fire : . . . See Invis. : . (no weapon) Res.Cold : . . . Warding : . c - +0 robe Life Prot.: + . . Conserve : . (no shield) Res.Poison: + Res.Corr. : . (no helmet) Res.Elec. : + Clarity : . (no cloak) Sust.Abil.: . . Spirit.Shd : . (no gloves) Res.Mut. : . Stasis : . (no boots) Res.Rott. : + Flight : . (no amulet) Saprovore : . . . (no ring) (no ring) @: very slightly contaminated, not resistant to hostile enchantments, fairly stealthy A: fangs 1, talons 2, life protection 1, electricity resistance, slow metabolism 1, unbreathing, petrification resistance, AC +2 a: no special abilities You were on level 1 of the Dungeon. You were not hungry. You visited 1 branch of the dungeon, and saw 1 of its levels. You collected 15 gold pieces. Dungeon Overview and Level Annotations Branches: Dungeon (1/27) Altars: Innate Abilities, Weirdness & Mutations You are resistant to torment. You are immune to poison. Your stone body is very resilient (AC +2). You have very sharp teeth. You have razor-sharp toenails. You resist negative energy. You are resistant to electric shocks. You have a slow metabolism. You can survive without breathing. You are immune to petrification. Skills: + Level 1.0 Fighting - Level 1.5 Dodging - Level 2.1 Stealth - Level 1.0 Spellcasting Level 0.7 Transmutations + Level 3.9 Earth Magic You had one spell level left. You knew the following spells: Your Spells Type Power Failure Level Hunger a - Sandblast Erth ##.... 6% 1 ##..... Inventory: Missiles b - 14 stones (quivered) Armour c - a +0 robe (worn) Comestibles a - a bread ration f - a chunk of giant cockroach flesh {@w1} Scrolls e - a scroll of enchant weapon II {unknown} g - a scroll of remove curse {unknown} h - a scroll of random uselessness {unknown} i - a scroll of noise {unknown} j - a scroll of curse armour {unknown} Books d - a book of Geomancy Spells Type Level *Sandblast Earth 1 Stoneskin Transmutation/Earth 2 Passwall Transmutation/Earth 3 Stone Arrow Conjuration/Earth 3 Petrify Transmutation/Earth 4 Lee's Rapid Deconstruction Earth 5 Message History * * * LOW HITPOINT WARNING * * * Casting: Sandblast Confirm with . or Enter, or press ? or * to list all spells. You don't have enough magic to cast that spell. Unknown command. Casting: Sandblast Confirm with . or Enter, or press ? or * to list all spells. You don't have enough magic to cast that spell. Unknown command. A hobgoblin comes into view. It is wielding an orcish club. You start resting. Casting: Sandblast Confirm with . or Enter, or press ? or * to list all spells. You don't have enough magic to cast that spell. Wield which item (- for none, * to show all)? (? for menu, Esc to quit) You are now empty-handed. You hit the kobold but do no damage. Your kick misses the kobold. The kobold misses you. You closely miss the kobold. The kobold hits you. You die... #..# # #..# #. #..# #### #.##..####..... #............ ####..#.....#.# ..........K...# ###...#K##..## #.....@(.## .# #...####..#.# ### #.###########...## ..####.........#...#..#.. ........####...#.........) #.###########.....#....#.# #.####....#....#..#....# # #.........#.....#####.... ########.....#...# ... You could see a kobold.

Action                   || total
-------------------------++-------
Melee: Unarmed           ||    35
Throw: Stone             ||     8
 Cast: Sandblast         ||    12

Vanquished Creatures
  3 giant cockroaches (D:1)
  A bat (D:1)
  A giant newt (D:1)
  A goblin (D:1)
6 creatures vanquished. Notes Turn | Place | Note -------------------------------------------------------------- 0 | D:1 | BoredOne, the Gargoyle Earth Elementalist, began the quest for the Orb. 0 | D:1 | Reached XP level 1. HP: 10/10 MP: 3/3 426 | D:1 | Reached skill level 1 in Fighting 427 | D:1 | HP: 2/10 [kobold/ dart (4)] 436 | D:1 | Slain by a kobold

Vault maps used:
D:1:      tarquinn_simple_flora_water_a, hangedman_decor_push
